 Dungeon Crawl Stone Soup version 0.19.5 (webtiles) character file.

59 tidbits the Gusty (level 3, -1/21 HPs)
             Began as a High Elf Wanderer on Oct 30, 2017.
             Slain by a bullfrog skeleton (2 damage)
             ... on level 4 of the Dungeon.
             The game lasted 00:05:52 (696 turns).

tidbits the Gusty (High Elf Wanderer)                Turns: 696, Time: 00:05:52

Health: -1/21      AC:  4    Str: 12    XL:     3   Next: 78%
Magic:  0/8        EV: 11    Int: 18    God:
Gold:   60         SH:  0    Dex: 12    Spells: 1 memorised, 6 levels left

rFire  . . .     SeeInvis .     a - +0 dagger
rCold  . . .     Gourm    .     B - +0 robe
rNeg   . . .     Faith    .     (no shield)
rPois  .         Spirit   .     (no helmet)
rElec  .         Reflect  .     (no cloak)
rCorr  .         Harm     .     G - +1 pair of gloves
MR     .....                    (no boots)
Stlth  ++........               (no amulet)
                                (no ring)
                                (no ring)

@: no status effects
A: no striking features
a: no special abilities


You were on level 4 of the Dungeon.
You were not hungry.

You visited 1 branch of the dungeon, and saw 4 of its levels.

You collected 60 gold pieces.

Inventory:

Hand Weapons
 a - a +0 dagger (weapon)
 e - a +0 club
 n - a +0 flail
   (You took it off an orc on level 3 of the Dungeon)
Missiles
 h - 28 stones (quivered)
 l - 24 bolts
 q - 17 sling bullets
Armour
 o - a +0 ring mail
   (You took it off an orc on level 3 of the Dungeon)
 B - a +0 robe (worn)
 G - a +1 pair of gloves (worn)
   (You found it on level 1 of the Dungeon)
Jewellery
 m - an uncursed ring of fire
   (You found it on level 2 of the Dungeon)
Scrolls
 f - a scroll of teleportation {unknown}
 k - a scroll of noise {unknown}
 p - a scroll of identify {unknown}
Potions
 b - 2 potions of lignification
 g - a potion of flight {unknown}
 i - a potion of curing {unknown}
 j - a potion of ambrosia {unknown}
 r - a potion of resistance {unknown}
Books
 d - a book of Air

   Spells                             Type                      Level
   a - Shock                          Conjuration/Air              1
   b - Swiftness                      Charms/Air                   2
   c - Repel Missiles                 Charms/Air                   2
   d - Static Discharge               Conjuration/Air              3
   e - Lightning Bolt                 Conjuration/Air              5
Comestibles
 c - 2 bread rations


   Skills:
   Level 2.4 Long Blades
 - Level 2.1 Stealth
   Level 1.0 Shields
 + Level 2.7 Spellcasting
 + Level 2.1 Conjurations
 + Level 4.2 Air Magic
   Level 1.0 Poison Magic


You had 6 spell levels left.
You knew the following spells:

 Your Spells              Type           Power        Failure   Level  Hunger
a - Shock                 Conj/Air       ##..         6%          1    #......


Dungeon Overview and Level Annotations

Branches:
Dungeon (4/15)
 Temple: D:4-7

Altars:


Message History

You climb downwards.
You hear the sound of rushing water.
There is an entrance to a sewer on this level.
Hurry and find it before the portal rusts away!
There is a stone staircase leading up here.
A centaur skeleton comes into view.
Found 17 gold pieces.
Casting: Shock
Confirm with . or Enter, or press ? or * to list all spells.
Aiming: Shock
Press: ? - help, Shift-Dir - straight line The zap hits the centaur skeleton.
The centaur skeleton is moderately damaged.
The zap hits the centaur skeleton.
The centaur skeleton is moderately damaged.
You hear the slow rusting of a distant drain.
There is a stone staircase leading up here.
A bullfrog skeleton comes into view.
The centaur skeleton hits you.
Found a scroll labeled APUIFU NYZOAS.
Casting: Shock
Confirm with . or Enter, or press ? or * to list all spells.
Aiming: Shock
Press: ? - help, Shift-Dir - straight line The zap hits the centaur skeleton.
The centaur skeleton is moderately damaged.
The zap hits the centaur skeleton.
The centaur skeleton is heavily damaged.
The centaur skeleton hits you.
Found a scroll labeled TYGGAGUUTA.
The centaur skeleton hits you.
* * * LOW HITPOINT WARNING * * *
Casting: Shock
Confirm with . or Enter, or press ? or * to list all spells.
Aiming: Shock
Press: ? - help, Shift-Dir - straight line The zap hits the centaur skeleton.
The centaur skeleton is severely damaged.
The zap hits the centaur skeleton.
The centaur skeleton is severely damaged.
The centaur skeleton hits you.
* * * LOW HITPOINT WARNING * * *
The centaur skeleton hits you but does no damage.
Casting: Shock
Confirm with . or Enter, or press ? or * to list all spells.
Aiming: Shock
Press: ? - help, Shift-Dir - straight line The zap hits the centaur skeleton.
The centaur skeleton is almost destroyed.
The zap hits the centaur skeleton.
You destroy the centaur skeleton!
Your Conjurations skill increases to level 2!
Your Air Magic skill increases to level 4!
Casting: Shock
Confirm with . or Enter, or press ? or * to list all spells.
Aiming: Shock
Press: ? - help, Shift-Dir - straight line The zap hits the bullfrog skeleton.
The bullfrog skeleton is lightly damaged.
The zap misses the bullfrog skeleton.
The bullfrog skeleton barely misses you.
Casting: Shock
Confirm with . or Enter, or press ? or * to list all spells.
Aiming: Shock
Press: ? - help, Shift-Dir - straight line The zap hits the bullfrog skeleton.
The bullfrog skeleton is moderately damaged.
The zap hits the bullfrog skeleton.
The bullfrog skeleton is moderately damaged.
The bullfrog skeleton completely misses you.
The bullfrog skeleton closely misses you.
Casting: Shock
Confirm with . or Enter, or press ? or * to list all spells.
Aiming: Shock
Press: ? - help, Shift-Dir - straight line The zap hits the bullfrog skeleton.
The bullfrog skeleton is heavily damaged.
The zap hits the bullfrog skeleton.
The bullfrog skeleton is severely damaged.
The bullfrog skeleton misses you.
The bullfrog skeleton barely misses you.
Casting: Shock
Confirm with . or Enter, or press ? or * to list all spells.
Aiming: Shock
Press: ? - help, Shift-Dir - straight line
Okay, then.
The bullfrog skeleton hits you.
* * * LOW HITPOINT WARNING * * *
Casting: Shock
Confirm with . or Enter, or press ? or * to list all spells.
Aiming: Shock
Press: ? - help, Shift-Dir - straight line That beam is likely to hit you.
Continue anyway?
The zap hits you!
* * * LOW HITPOINT WARNING * * *
The zap hits the bullfrog skeleton.
The bullfrog skeleton is almost destroyed.
The zap misses the bullfrog skeleton.
The bullfrog skeleton hits you.
* * * LOW HITPOINT WARNING * * *
The bullfrog skeleton hits you.
You die...

...............
#...#.# #.?.#.#
# #...#.#
#.#...#<#
#.#...#.#
.###.......#
.?.......###
######.@Z##
#.###.#######
#.# #........
#.###....##.#
##...#...#
#...##......#
.......#
#....##
..###...#
#..... ......
#....


You could see a bullfrog skeleton.

Vanquished Creatures
  A centaur skeleton (D:4)
  An adder (D:2)
  3 orcs (D:3)
  A giant cockroach (D:2)
  4 hobgoblins
  5 kobolds
  2 bats (D:1)
  A frilled lizard (D:1)
  A rat (D:1)
19 creatures vanquished.

Notes
Turn   | Place    | Note
-------+----------+-------------------------------------------
     0 | D:1      | tidbits the High Elf Wanderer began the quest for the Orb.
     0 | D:1      | tidbits set off with: a book of Air, 2 potions of lignification, a +0 robe, a +0 club, a +0 dagger, a bread ration
     0 | D:1      | Reached XP level 1. HP: 11/11 MP: 3/3
     2 | D:1      | Learned a level 1 spell: Shock
   286 | D:1      | Reached skill level 1 in Conjurations
   312 | D:2      | Reached XP level 2. HP: 9/17 MP: 1/5
   363 | D:2      | Reached skill level 2 in Spellcasting
   521 | D:3      | Reached XP level 3. HP: 7/21 MP: 1/7
   683 | D:4      | Reached skill level 2 in Conjurations
   683 | D:4      | Reached skill level 4 in Air Magic
   694 | D:4      | HP: 2/21 [bounced beam (2)]
   696 | D:4      | Slain by a bullfrog skeleton

Skill      XL: |  1  2  3 |
---------------+----------+-----
Conjurations   | 1 2 |  2.1
Spellcasting   | 2 |  2.7
Air Magic      | 4 |  4.2
Long Blades    | |  2.4
Stealth        | |  2.1
Shields        | |  1.0
Poison Magic   | |  1.0

Action                   || total
-------------------------++-------
Melee: Dagger            ||     7
 Cast: Shock             ||    39
Armor: Robe              ||    12
Dodge: Dodged            ||    21

Table legend:
 A = Turns spent in this place as a percentage of turns spent in the entire game.
 B = Non-inter-level travel turns spent in this place as a percentage of non-inter-level travel turns spent in the entire game.
 C = Inter-level travel turns spent in this place as a percentage of turns spent in this place.
 D = Turns resting spent in this place as a percentage of non-inter-level travel turns spent in this place.
 E = Turns spent auto-exploring this place as a percentage of non-inter-level travel turns spent in this place.
 F = Non-inter-level travel turns spent in this place divided by the number of levels of this place that you've seen.
                   A       B       C       D       E      F
               +-------+-------+-------+-------+-------+----------------------
         Total | 100.0 | 100.0 |   0.0 |   0.0 |   0.0 | 178.0
       Dungeon | 100.0 | 100.0 |   0.0 |   0.0 |   0.0 | 178.0
               +-------+-------+-------+-------+-------+----------------------

Table legend:
 A = Kills in this place as a percentage of kills in entire the game.
 B = Kills by you in this place as a percentage of kills by you in the entire game.
 C = Kills by friends in this place as a percentage of kills by friends in the entire game.
 D = Other kills in this place as a percentage of other kills in the entire game.
 E = Experience gained in this place as a percentage of experience gained in the entire game.
 F = Experience gained in this place divided by the number of levels of this place that you have seen.
                   A       B       C       D       E      F
               +-------+-------+-------+-------+-------+----------------------
         Total | 100.0 | 100.0 |  -nan |  -nan | 100.0 |  21.2
       Dungeon | 100.0 | 100.0 |  -nan |  -nan | 100.0 |  21.2
               +-------+-------+-------+-------+-------+----------------------

Vault maps used:
D:1:      dpeg_arrival_circle_labyrinth_c, ashenzari_altar_1
D:2:      minmay_tetromino_l2
D:3:      corexii_shack_village, lightli_corner_chamber
D:4:      gup_sewer_entry_bubbles, nrook_mini_backslash
